 Dungeon Crawl Stone Soup version 0.25-a0-690-g234afa5 (webtiles) character file.

Game seed: 9529547873314901285, levelgen mode: deterministic

5877 BlueFish the Slicer (level 10, -2/79 HPs)
             Began as a Demonspawn Gladiator on Mar 30, 2020.
             Was a Believer of Makhleb.
             Slain by a two-headed ogre
             ... wielding a +0 giant club
              (13 damage)
             ... on level 9 of the Dungeon.
             The game lasted 00:34:58 (7967 turns).

BlueFish the Slicer (Demonspawn Gladiator)          Turns: 7967, Time: 00:34:59

Health: -2/79      AC: 17    Str: 17    XL:     10   Next: 52%
Magic:  13/13      EV: 12    Int: 10    God:    Makhleb [**....]
Gold:   431        SH:  0    Dex: 15    Spells: 9/9 levels left

rFire    . . .     SeeInvis .   j - +2 scimitar (flame)
rCold    . . .     Gourm    .   (no shield)
rNeg     . . .     Faith    .   y - +0 chain mail
rPois    +         Spirit   .   c - +0 helmet
rElec    .         Reflect  .   m - +1 cloak
rCorr    .         Harm     .   s - +0 pair of gloves
MR       .....                  (no boots)
Stlth    ..........             (no amulet)
HPRegen  0.23/turn              a - ring of poison resistance
MPRegen  0.13/turn              D - +3 ring of evasion

@: no status effects
A: talons 1, yellow scales 2, spiny 2
a: Minor Destruction, Renounce Religion


You were on level 9 of the Dungeon.
You worshipped Makhleb.
Makhleb was pleased with you.
You were hungry.

You visited 2 branches of the dungeon, and saw 10 of its levels.
You also visited: Ossuary.

You collected 431 gold pieces.

Inventory:

Hand Weapons
 j - a +2 scimitar of flaming (weapon)
 t - a +2 whip of freezing
 G - the +2 morningstar "Dragon's Tongue" {antimagic, rElec rN+}
   (You found it on level 7 of the Dungeon)

   It reduces the magical energy of the wielder, and disrupts the spells and
   magical abilities of those hit.
   Natural abilities and divine invocations are not affected.
   It insulates you from electricity.
   It protects you from negative energy.
Missiles
 d - 3 throwing nets (quivered)
Armour
 c - a +0 helmet (worn)
 m - a +1 cloak (worn)
 s - a +0 pair of gloves (worn)
 y - a +0 chain mail (worn)
Jewellery
 a - a ring of poison resistance (left hand)
 o - an uncursed ring of flight
 D - a +3 ring of evasion (right hand)
 I - the ring of the Scavenger {+Inv rC+ MR+}
   (You took it off a kobold on level 7 of the Dungeon)

   [ring of protection from magic]

   It protects you from cold.
   It affects your resistance to hostile enchantments.
   It lets you turn invisible.
Wands
 g - a wand of acid (10)
 p - a wand of paralysis (23)
 u - a wand of random effects (20)
 E - a wand of disintegration (14)
 K - a wand of flame (18)
Scrolls
 h - 4 scrolls of teleportation
 i - 3 scrolls of immolation
 q - 4 scrolls of enchant armour
 v - 3 scrolls of fog
 F - a scroll of magic mapping
 H - a scroll of amnesia
 J - a scroll of enchant weapon
Potions
 e - 5 potions of curing
 k - 4 potions of heal wounds
 l - 2 potions of berserk rage
 n - a potion of flight
 r - 5 potions of lignification
 w - a potion of might
 x - 2 potions of mutation
 z - 4 potions of stabbing
 A - 3 potions of haste {unknown}
 B - a potion of ambrosia {unknown}
Comestibles
 b - 2 chunks of flesh
 f - 23 rations


   Skills:
 * Level 7.0 Fighting
   Level 8.9(9.0) Short Blades
 * Level 1.4(5.7) Long Blades
 + Level 5.3 Maces & Flails
 + Level 2.0 Throwing
 + Level 6.0 Armour
 + Level 4.9 Dodging
 + Level 1.0 Stealth
 * Level 4.9 Invocations


You had 9 spell levels left.
You didn't know any spells.
Your spell library contained the following spells:

 Spells                   Type           Power        Failure   Level  Hunger
 Sting                    Tmut/Pois      #...         99%         1    ##.....
 Poisonous Vapours        Pois/Air       #.....       100%        2    ###....
 Ignite Poison            Fire/Tmut/Pois #.......     100%        3    ####...
 Mephitic Cloud           Conj/Pois/Air  #.......     100%        3    ####...
 Olgreb's Toxic Radiance  Pois           #.......     100%        4    #####..


Dungeon Overview and Level Annotations

Branches:
Dungeon (9/15)             Temple (1/1) D:6         Ossuary (visited)
   Lair: D:8-11         Orc: D:9-12

Altars:
Dithmenos
Elyvilon
Fedhas
Kikubaaqudgha
Makhleb
Okawaru
Uskayaw
Zin

Shops:
D:4 (


Innate Abilities, Weirdness & Mutations

You have sharp toenails.
You are mostly covered in yellow scales. (AC +3)
You are mostly covered in sharp spines.


Message History

The sky beast is struck by your spines. The sky beast barely misses you.
You riposte.
You completely miss the sky beast. You claw the sky beast.
The sky beast is almost dead.
The orc barely misses you.
You slice the sky beast!! You burn the sky beast.
You kill the sky beast!
Makhleb accepts your kill.
Your base Long Blades skill increases to level 1!
You barely miss the ice beast. Your kick misses the ice beast.
The ice beast barely misses you.
You riposte.
You closely miss the ice beast. You claw the ice beast.
The ice beast is lightly wounded.
The crimson imp blinks!
You hit the ice beast.
You melt the ice beast.
The ice beast is moderately wounded.
The ice beast hits you but does no damage.
The two-headed ogre hits you with a +0 giant club!
* * * LOW HITPOINT WARNING * * *
The two-headed ogre hits you with a +0 giant club!
You die...

#....## #.#.## #..
#####'#.#######.....
#..................
#................. .
#..............[.# ..
#................##...
#.......?...##........
#..........@##†.......
#..........OY(o)......
#..........?o)))......
#.........##..........
######...##..).......
#...............
#...............
##...##......... #...
#.........


You could see a two-headed ogre, an ice beast and 2 orcs.

Vanquished Creatures
  Erica (D:8)
  Pikel (D:8)
  A hippogriff (D:7)
  A warg (D:9)
  Edmund (D:6)
  4 ice beasts
  A black bear (D:7)
  2 orc warriors
  A slave (D:8)
  2 ogres
  2 sky beasts
  3 centaurs
  A phantom (D:5)
  2 necrophages
  2 big kobolds
  5 bullfrogs
  An elf zombie (Ossuary)
  A gnoll sergeant (D:5)
  A scorpion (D:6)
  A wyvern skeleton (D:6)
  6 killer bees (D:7)
  5 howler monkeys
  5 crimson imps
  2 centaur zombies (Ossuary)
  3 hounds
  8 orc wizards
  A quasit (D:4)
  2 jellies
  A bullfrog skeleton (D:6)
  9 orc priests
  A human zombie (Ossuary)
  A centaur skeleton (D:4)
  Jessica (D:2)
  An iguana (D:7)
  Natasha (thrice) (D:3)
  3 worker ants
  A big kobold zombie (Ossuary)
  2 mummies (Ossuary)
  2 hound skeletons (D:8)
  11 gnolls
  14 adders
  3 shadow imps
  An ooze (D:5)
  An adder zombie (Ossuary)
  An adder skeleton (D:4)
  6 worms
  A dart slug (D:1)
  7 leopard geckos
  40 orcs
  A ball python (D:5)
  9 giant cockroaches
  16 goblins
  9 hobgoblins
  5 jackals (D:8)
  24 kobolds
  3 quokkas
  10 bats
  2 frilled lizards
  A goblin zombie (Ossuary)
  5 hobgoblin zombies (Ossuary)
  3 jackal zombies (Ossuary)
  8 kobold zombies (Ossuary)
  A leopard gecko zombie (D:7)
  12 orc zombies (Ossuary)
  A quokka skeleton (D:5)
  7 rats
  2 rat zombies (Ossuary)
  10 plants (D:7)
305 creatures vanquished.

Vanquished Creatures (others)
  A human (D:4)
  2 jackals (D:8)
  3 plants (D:7)
6 creatures vanquished.

Grand Total: 311 creatures vanquished

Notes
Turn   | Place    | Note
-------+----------+-------------------------------------------
     0 | D:1      | BlueFish the Demonspawn Gladiator began the quest for the
                  | Orb.
     0 | D:1      | Reached XP level 1. HP: 16/16 MP: 1/1
   253 | D:1      | Gained mutation: You are partially covered in yellow
                  | scales. (AC +2) [demonic ancestry]
   253 | D:1      | Reached XP level 2. HP: 17/22 MP: 2/2
  1199 | D:2      | Gained mutation: You have sharp toenails. [demonic
                  | ancestry]
  1199 | D:2      | Reached XP level 3. HP: 28/28 MP: 3/3
  1355 | D:2      | Reached skill level 1 in Armour
  1393 | D:2      | Gained mutation: You are mostly covered in yellow scales.
                  | (AC +3) [demonic ancestry]
  1393 | D:2      | Reached XP level 4. HP: 24/34 MP: 4/4
  1397 | D:2      | Reached skill level 1 in Short Blades
  1632 | D:2      | Noticed Jessica
  1637 | D:2      | Killed Jessica
  1940 | D:2      | Reached XP level 5. HP: 39/40 MP: 5/5
  1996 | D:2      | Found a glowing silver altar of Zin,
  1998 | D:2      | Found a hide-covered altar of Uskayaw,
  2156 | D:2      | Found a shadowy altar of Dithmenos,
  2427 | D:3      | Reached skill level 2 in Short Blades
  2617 | D:3      | Noticed Natasha
  2627 | D:3      | Killed Natasha
  2627 | D:3      | Gained mutation: You are partially covered in sharp spines.
                  | [demonic ancestry]
  2627 | D:3      | Reached XP level 6. HP: 41/47 MP: 6/6
  2797 | D:3      | Noticed Natasha
  2803 | D:3      | Killed Natasha
  2817 | D:3      | Noticed Natasha
  2823 | D:3      | Killed Natasha
  2882 | D:4      | Reached skill level 3 in Short Blades
  3064 | D:4      | Found Isyam's Antique Weapon Boutique,
  3468 | D:4      | Gained mutation: You are mostly covered in sharp spines.
                  | [demonic ancestry]
  3468 | D:4      | Reached XP level 7. HP: 54/54 MP: 7/7
  3477 | D:4      | Reached skill level 4 in Short Blades
  3527 | D:4      | Found an ancient bone altar of Kikubaaqudgha,
  3558 | D:4      | Noticed a human
  3571 | D:4      | Killed a human
  3726 | D:5      | Entered Level 5 of the Dungeon
  3800 | D:5      | Found a sand-covered staircase,
  3814 | D:5      | Reached skill level 5 in Short Blades
  3818 | Ossuary  | Entered an ossuary
  3980 | Ossuary  | Reached XP level 8. HP: 48/61 MP: 8/8
  4212 | D:5      | Reached skill level 6 in Short Blades
  4276 | D:5      | Reached skill level 5 in Fighting
  4899 | D:6      | Reached skill level 7 in Short Blades
  4932 | D:6      | Found a blossoming altar of Fedhas,
  4963 | D:6      | Reached XP level 9. HP: 68/68 MP: 9/9
  4979 | D:6      | Got a bloodstained flail
  5236 | D:6      | Noticed Edmund
  5244 | D:6      | Killed Edmund
  5331 | D:6      | Got a faintly glowing robe
  5344 | D:6      | Found a staircase to the Ecumenical Temple,
  5364 | Temple   | Entered the Ecumenical Temple
  5369 | Temple   | Became a worshipper of Makhleb the Destroyer
  5507 | D:7      | Reached skill level 8 in Short Blades
  5516 | D:7      | Reached skill level 1 in Invocations
  5755 | D:7      | Got an ivory morningstar
  5938 | D:7      | Reached skill level 5 in Armour
  5939 | D:7      | Found an iron altar of Okawaru,
  5977 | D:7      | Identified the cursed +2 morningstar "Dragon's Tongue"
                  | {antimagic, rElec rN+} (You found it on level 7 of the
                  | Dungeon)
  6095 | D:7      | Reached * piety under Makhleb
  6172 | D:7      | Identified the ring of the Scavenger {+Inv rC+ MR+}
  6912 | D:8      | Found an ancient bone altar of Kikubaaqudgha,
  6955 | D:8      | Reached XP level 10. HP: 74/77 MP: 4/12
  7377 | D:8      | Noticed Pikel
  7378 | D:8      | Noticed Erica
  7388 | D:8      | Killed Pikel
  7388 | D:8      | Reached skill level 1 in Stealth
  7406 | D:8      | Killed Erica
  7406 | D:8      | Reached skill level 5 in Maces & Flails
  7945 | D:9      | Noticed a two-headed ogre
  7952 | D:9      | Reached ** piety under Makhleb
  7964 | D:9      | Reached skill level 1 in Long Blades
  7967 | D:9      | Slain by a two-headed ogre

Levels and vault maps discovered:
D:1:      minmay_arrival_cross, layout_basic, st_stairs_11,
          hangedman_decor_points
D:2:      layout_basic, nicolae_overflow_hidden_temple, uniq_jessica
D:3:      layout_rooms, first_ration, guppyfry_early_lair_pool, uniq_natasha
D:4:      minmay_angry_zag, layout_gridville, serial_shops, shop,
          tgw_kikubaaqudgha
D:5:      layout_basic, nicolae_ossuary_entry_ruins
D:6:      layout_rooms, temple_green, serial_corexii_hall,
          chequers_hall_statues_wall_a, corexii_hall_statues_t,
          corexii_hall_statues_s, chequers_hall_statues_y, fedhas_altar_1,
          uniq_edmund
D:7:      kennysheep_kobold_camp, layout_cave_pods, okawaru_trees_2
D:8:      layout_basic, overflow_temple_1_default, blue_anna_alchemist
          [blue_anna_fruit_fields, blue_anna_fruit_fields], uniq_pikel,
          uniq_erica
D:9:      layout_basic, bloody_trog, erik_orc_4, enter_bailey_6, uniq_gastronok
Temple:   nicolae_temple_elliptical

Skill      XL: |  1  2  3  4  5  6  7  8  9 10 |
---------------+-------------------------------+-----
Maces & Flails | 3 5 |  5.3
Throwing       | 2 |  2.0
Armour         | 1 2 3 5 6 |  6.0
Short Blades   | 1 2 3 5 7 8 |  8.9
Dodging        | 3 4 |  4.9
Fighting       | 3 4 5 6 7 |  7.0
Invocations    | 3 4 |  4.9
Stealth        | 1 |  1.0
Long Blades    | 1 |  1.4

Action                   |  1- 3 |  4- 6 |  7- 9 | 10-12 || total
-------------------------+-------+-------+-------+-------++-------
Melee: Flail             |    71 |       |       |       ||    71
       Dagger            |    47 |   195 |   358 |       ||   600
       Kick              |     7 |    53 |   197 |    20 ||   277
       Morningstar       |       |       |   145 |    48 ||   193
       Scimitar          |       |       |       |    23 ||    23
  Use: Scroll            |     2 |    10 |     9 |     1 ||    22
  Eat: Chunk             |     2 |     6 |    12 |     3 ||    23
Armor: Leather armour    |    35 |    44 |       |       ||    79
       Chain mail        |       |     1 |   196 |    59 ||   256
Dodge: Dodged            |    79 |   102 |   198 |    63 ||   442
       Rpst.: Scimitar   |       |       |       |    13 ||    13

Table legend:
 A = Non-vault XP
 B = Vault XP
 C = Vault XP percentage of total XP
 D = Non-vault monster count
 E = Vault monster count
 F = Vault count percentage of total count
                 A         B        C        D         E       F
            +---------+---------+-------+---------+---------+-------
      Total |    5545 |    2852 |  34.0 |     210 |      84 |  28.6
            +---------+---------+-------+---------+---------+-------
        D:1 |      34 |       5 |  12.8 |      18 |       3 |  14.3
        D:2 |     135 |      37 |  21.5 |      24 |       1 |   4.0
        D:3 |     213 |      35 |  14.1 |      34 |       1 |   2.9
        D:4 |     480 |      41 |   7.9 |      26 |       4 |  13.3
        D:5 |    1081 |       0 |   0.0 |      38 |       0 |   0.0
        D:6 |     906 |     149 |  14.1 |      14 |       1 |   6.7
        D:7 |    1512 |     125 |   7.6 |      25 |      20 |  44.4
        D:8 |     924 |    1684 |  64.6 |      25 |       3 |  10.7
        D:9 |     260 |     442 |  63.0 |       6 |      12 |  66.7
    Ossuary |       0 |     334 | 100.0 |       0 |      39 | 100.0
            +---------+---------+-------+---------+---------+-------
